PAAA
BATON ROUGE BRASS @ BAKERSFIELD NOBLES
05/18/2053
 
TOP OF THE 1ST
Baton Rouge Brass batting - Pitching for Bakersfield Nobles : RHP Victor Jones
Pitching: RHP Victor Jones
Batting: SHB Chet Davis 0-0: Hit by Pitch
Batting: LHB Trent Brown 0-0: Fly out, F8 (Flyball, 8RM, EV 81.2 MPH)
Batting: RHB Dong-soo Yi 0-0: Called Strike
0-1: Foul Ball, location: 2F
0-2: SINGLE (Groundball, 4, EV 76.9 MPH) (infield hit)
Chet Davis to second
Batting: LHB Joseph Vowles 0-0: Called Strike
0-1: Ball
1-1: Ball
2-1: Grounds into double play, 1-6-3 (Groundball, P, EV 64.4 MPH)
Top of the 1st over - 0 runs, 1 hit, 0 errors, 1 left on base; Baton Rouge 0 - Bakersfield 0
BOTTOM OF THE 1ST
Bakersfield Nobles batting - Pitching for Baton Rouge Brass : RHP Kane Hallworth
Pitching: RHP Kane Hallworth
Batting: LHB Allen Dowiyogo 0-0: Ball
1-0: Called Strike
1-1: Called Strike
1-2: Fly out, F9 (Line Drive, 9, EV 91.9 MPH)
Batting: RHB Francisco Alhama 0-0: Ball
1-0: Ball
2-0: Foul Ball, location: 2F
2-1: Fly out, F4 (Popup, 34S, EV 87.5 MPH)
Batting: LHB Addy Spoelstra 0-0: Called Strike
0-1: Ball
1-1: Foul Ball, location: 2F
1-2: Ball
2-2: Ball
3-2: Foul Ball, location: 2F
3-2: Fly out, F8 (Flyball, 8LS, EV 88.1 MPH)
Bottom of the 1st over - 0 runs, 0 hits, 0 errors, 0 left on base; Baton Rouge 0 - Bakersfield 0
TOP OF THE 2ND
Baton Rouge Brass batting - Pitching for Bakersfield Nobles : RHP Victor Jones
Batting: RHB Umberto Bartelen 0-0: Called Strike
0-1: Swinging Strike
0-2: Fly out, F8 (Flyball, 89D, EV 89.4 MPH)
Batting: LHB Ben Walters 0-0: Ball
1-0: Swinging Strike
1-1: Ball
2-1: Swinging Strike
2-2: Foul Ball, location: 2F
2-2: Ball
3-2: Strikes out swinging
Batting: RHB Robert Rodríguez 0-0: Ball
1-0: Ball
2-0: Called Strike
2-1: SINGLE (Groundball, 6M, EV 100.0 MPH) (infield hit)
Batting: LHB Grover Barbaran 0-0: Foul Ball, location: 2F
0-1: Ball
1-1: Ground out 4-3 (Groundball, 34, EV 98.1 MPH)
Top of the 2nd over - 0 runs, 1 hit, 0 errors, 1 left on base; Baton Rouge 0 - Bakersfield 0
BOTTOM OF THE 2ND
Bakersfield Nobles batting - Pitching for Baton Rouge Brass : RHP Kane Hallworth
Batting: RHB Lance Slaymaker 0-0: Called Strike
0-1: Ball
1-1: Ground out 5-3 (Groundball, 5, EV 79.4 MPH)
Batting: LHB José Hernández 0-0: Called Strike
0-1: Foul Ball, location: 2F
0-2: Ball
1-2: Strikes out looking
Batting: RHB Dan Love 0-0: Fly out, F8 (Line Drive, 8LM, EV 90.6 MPH)
Bottom of the 2nd over - 0 runs, 0 hits, 0 errors, 0 left on base; Baton Rouge 0 - Bakersfield 0
TOP OF THE 3RD
Baton Rouge Brass batting - Pitching for Bakersfield Nobles : RHP Victor Jones
Batting: RHB Edward Panther 0-0: Ball
1-0: Fly out, F7 (Flyball, 78S, EV 71.9 MPH)
Batting: SHB Chet Davis 0-0: Ball
1-0: Called Strike
1-1: Ground out 6-3 (Groundball, 6, EV 96.9 MPH)
Batting: LHB Trent Brown 0-0: Ball
1-0: Foul Ball, location: 2F
1-1: SINGLE (Groundball, 4MD, EV 102.5 MPH)
Batting: RHB Dong-soo Yi 0-0: Ball
1-0: Called Strike
1-1: Foul Ball, location: 2F
1-2: Foul Ball, location: 2F
1-2: Ball
2-2: Ball
3-2: Fly out, F8 (Flyball, 8RD, EV 92.5 MPH)
Top of the 3rd over - 0 runs, 1 hit, 0 errors, 1 left on base; Baton Rouge 0 - Bakersfield 0
BOTTOM OF THE 3RD
Bakersfield Nobles batting - Pitching for Baton Rouge Brass : RHP Kane Hallworth
Batting: RHB Seppo Kimmonen 0-0: Ball
1-0: Ground out 5-3 (Groundball, 56S, EV 83.1 MPH)
Batting: RHB Joey Pinches 0-0: Called Strike
0-1: Foul Ball, location: 2F
0-2: Ball
1-2: SINGLE (Groundball, 5S, EV 75.6 MPH) (infield hit)
Batting: SHB Daulat Mitra 0-0: Ball
1-0: Swinging Strike
1-1: Fly out, F7 (Flyball, 7, EV 86.9 MPH)
Batting: LHB Allen Dowiyogo 0-0: Called Strike
0-1: Ball
1-1: Ground out 1-3 (Groundball, 13S, EV 65.0 MPH)
Bottom of the 3rd over - 0 runs, 1 hit, 0 errors, 1 left on base; Baton Rouge 0 - Bakersfield 0
TOP OF THE 4TH
Baton Rouge Brass batting - Pitching for Bakersfield Nobles : RHP Victor Jones
Batting: LHB Joseph Vowles 0-0: Ball
1-0: Called Strike
1-1: Ground out 4-3 (Groundball, 34, EV 103.8 MPH)
Batting: RHB Umberto Bartelen 0-0: Ball
1-0: Swinging Strike
1-1: Foul Ball, location: 2F
1-2: SINGLE (Line Drive, 9S, EV 107.5 MPH)
Batting: LHB Ben Walters 0-0: Ball
1-0: Swinging Strike
1-1: Swinging Strike
1-2: Ball
Passed Ball!
Umberto Bartelen to second
2-2: Ground out 5-3 (Groundball, 6, EV 90.0 MPH)
Batting: RHB Robert Rodríguez 0-0: Ball
1-0: Ball
2-0: Fly out, F9 (Flyball, 89M, EV 91.2 MPH)
Top of the 4th over - 0 runs, 1 hit, 0 errors, 1 left on base; Baton Rouge 0 - Bakersfield 0
BOTTOM OF THE 4TH
Bakersfield Nobles batting - Pitching for Baton Rouge Brass : RHP Kane Hallworth
Batting: RHB Francisco Alhama 0-0: Ball
1-0: Fly out, F7 (Flyball, 7, EV 82.5 MPH)
Batting: LHB Addy Spoelstra 0-0: Called Strike
0-1: SINGLE (Flyball, 89S, EV 98.8 MPH)
Batting: RHB Lance Slaymaker 0-0: Ball
1-0: Foul Ball, location: 2F
1-1: Called Strike
1-2: Strikes out swinging
Batting: LHB José Hernández 0-0: Ball
1-0: Ball
2-0: Fly out, F7 (Flyball, 78M, EV 85.6 MPH)
Bottom of the 4th over - 0 runs, 1 hit, 0 errors, 1 left on base; Baton Rouge 0 - Bakersfield 0
TOP OF THE 5TH
Baton Rouge Brass batting - Pitching for Bakersfield Nobles : RHP Victor Jones
Batting: LHB Grover Barbaran 0-0: Called Strike
0-1: Ball
1-1: Fly out, F8 (Flyball, 89S, EV 81.2 MPH)
Batting: RHB Edward Panther 0-0: Called Strike
0-1: SINGLE (Line Drive, 8RS, EV 95.0 MPH)
Batting: SHB Chet Davis 0-0: Called Strike
0-1: Ball
1-1: Foul Ball, location: 2F
1-2: Ball
2-2: Ball
3-2: Grounds into double play, 4-6-3 (Groundball, 4, EV 80.6 MPH)
Top of the 5th over - 0 runs, 1 hit, 0 errors, 0 left on base; Baton Rouge 0 - Bakersfield 0
BOTTOM OF THE 5TH
Bakersfield Nobles batting - Pitching for Baton Rouge Brass : RHP Kane Hallworth
Batting: RHB Dan Love 0-0: Called Strike
0-1: Ball
1-1: Ball
2-1: Reached on error, E6 (Groundball, 6, EV 104.4 MPH)
Batting: RHB Seppo Kimmonen 0-0: Foul Ball, location: 2F
0-1: Foul Ball, location: 2F
0-2: Fly out, F7 (Flyball, 7S, EV 85.0 MPH)
Batting: RHB Joey Pinches 0-0: Fielders Choice at 2nd, 5-4 (Groundball, 5L, EV 92.5 MPH)
Batting: SHB Daulat Mitra 0-0: Called Strike
0-1: Swinging Strike
0-2: Ball
1-2: Ball
2-2: Ground out 4-3 (Groundball, 4D, EV 101.2 MPH)
Bottom of the 5th over - 0 runs, 0 hits, 1 error, 1 left on base; Baton Rouge 0 - Bakersfield 0
TOP OF THE 6TH
Baton Rouge Brass batting - Pitching for Bakersfield Nobles : RHP Victor Jones
Batting: LHB Trent Brown 0-0: Called Strike
0-1: Foul Ball, location: 2F
0-2: Ground out 4-3 (Groundball, 34, EV 105.0 MPH)
Batting: RHB Dong-soo Yi 0-0: Called Strike
0-1: Called Strike
0-2: Ball
1-2: Ball
2-2: DOUBLE (Flyball, 89D, EV 89.4 MPH)
Batting: LHB Joseph Vowles 0-0: Ground out 4-3 (Groundball, 34, EV 87.5 MPH)
Dong-soo Yi to third
Batting: RHB Umberto Bartelen 0-0: Ball
1-0: Ground out 4-3 (Groundball, 4, EV 93.1 MPH)
Top of the 6th over - 0 runs, 1 hit, 0 errors, 1 left on base; Baton Rouge 0 - Bakersfield 0
BOTTOM OF THE 6TH
Bakersfield Nobles batting - Pitching for Baton Rouge Brass : RHP Kane Hallworth
Batting: LHB Allen Dowiyogo 0-0: Called Strike
0-1: Called Strike
0-2: Ball
1-2: SOLO HOME RUN (Flyball, 89XD, EV 106.2 MPH), Distance : 393 ft
Batting: RHB Francisco Alhama 0-0: Called Strike
0-1: Ball
1-1: Called Strike
1-2: Fly out, F9 (Flyball, 9D, EV 98.1 MPH)
Batting: LHB Addy Spoelstra 0-0: Foul Ball, location: 2F
0-1: Ground out 6-3 (Groundball, 6, EV 103.1 MPH)
Batting: RHB Lance Slaymaker 0-0: Ball
1-0: Called Strike
1-1: SOLO HOME RUN (Flyball, 89XD, EV 103.8 MPH), Distance : 405 ft
Batting: LHB José Hernández 0-0: Ball
1-0: Ball
2-0: SOLO HOME RUN (Line Drive, 9D, EV 100.0 MPH), Distance : 389 ft
Batting: RHB Dan Love 0-0: Ball
1-0: Foul Ball, location: 2F
1-1: Foul Ball, location: 2F
1-2: Ground out 5-3 (Groundball, 56, EV 81.9 MPH)
Bottom of the 6th over - 3 runs, 3 hits, 0 errors, 0 left on base; Baton Rouge 0 - Bakersfield 3
TOP OF THE 7TH
Baton Rouge Brass batting - Pitching for Bakersfield Nobles : RHP Victor Jones
Batting: LHB Ben Walters 0-0: Swinging Strike
0-1: Swinging Strike
0-2: Foul Ball, location: 2F
0-2: Strikes out looking
Batting: RHB Robert Rodríguez 0-0: SOLO HOME RUN (Flyball, 7D, EV 96.9 MPH), Distance : 369 ft
Batting: LHB Grover Barbaran 0-0: Ball
1-0: Called Strike
1-1: Called Strike
1-2: Foul Ball, location: 2F
1-2: Ball
2-2: Fly out, F8 (Flyball, 8RS, EV 83.1 MPH)
Pitching: RHP Heath Hennington
Batting: RHB Edward Panther 0-0: Ball
1-0: Ball
2-0: Called Strike
2-1: Called Strike
2-2: Strikes out swinging
Top of the 7th over - 1 run, 1 hit, 0 errors, 0 left on base; Baton Rouge 1 - Bakersfield 3
BOTTOM OF THE 7TH
Bakersfield Nobles batting - Pitching for Baton Rouge Brass : RHP Kane Hallworth
Batting: RHB Seppo Kimmonen 0-0: Ball
1-0: Ball
2-0: Fly out, F9 (Flyball, 9D, EV 90.0 MPH)
Batting: RHB Joey Pinches 0-0: Foul Ball, location: 2F
0-1: Foul Ball, location: 2F
0-2: Ball
1-2: Fly out, F8 (Flyball, 8LM, EV 89.4 MPH)
Batting: SHB Daulat Mitra 0-0: Called Strike
0-1: Swinging Strike
0-2: Ball
1-2: SINGLE (Line Drive, 34D, EV 98.8 MPH)
Pitching: RHP Román Bastardo
Batting: LHB Allen Dowiyogo 0-0: Ball
1-0: Called Strike
1-1: Fly out, F7 (Flyball, 78S, EV 89.4 MPH)
Bottom of the 7th over - 0 runs, 1 hit, 0 errors, 1 left on base; Baton Rouge 1 - Bakersfield 3
TOP OF THE 8TH
Baton Rouge Brass batting - Pitching for Bakersfield Nobles : RHP Heath Hennington
Batting: SHB Chet Davis 0-0: Foul Ball, location: 2F
0-1: Called Strike
0-2: Ball
1-2: Foul Ball, location: 2F
1-2: Strikes out swinging
Batting: LHB Trent Brown 0-0: Ball
1-0: SINGLE (Line Drive, 9S, EV 90.6 MPH)
Batting: RHB Dong-soo Yi 0-0: Swinging Strike
0-1: Called Strike
0-2: Strikes out swinging
Batting: LHB Joseph Vowles 0-0: Called Strike
0-1: Fly out, F8 (Flyball, 8LD, EV 91.2 MPH)
Top of the 8th over - 0 runs, 1 hit, 0 errors, 1 left on base; Baton Rouge 1 - Bakersfield 3
BOTTOM OF THE 8TH
Bakersfield Nobles batting - Pitching for Baton Rouge Brass : RHP Román Bastardo
Batting: RHB Francisco Alhama 0-0: Ball
1-0: Called Strike
1-1: Foul Ball, location: 2F
1-2: Ball
2-2: Fly out, F9 (Flyball, 89D, EV 103.8 MPH)
Batting: LHB Addy Spoelstra 0-0: Called Strike
0-1: Ground out 4-3 (Groundball, 4, EV 109.4 MPH)
Batting: RHB Lance Slaymaker 0-0: Called Strike
0-1: Ball
1-1: Called Strike
1-2: Ball
2-2: Ball
3-2: Strikes out swinging
Bottom of the 8th over - 0 runs, 0 hits, 0 errors, 0 left on base; Baton Rouge 1 - Bakersfield 3
TOP OF THE 9TH
Baton Rouge Brass batting - Pitching for Bakersfield Nobles : RHP Heath Hennington
Batting: RHB Umberto Bartelen 0-0: Foul Ball, location: 2F
0-1: Ball
1-1: Fly out, F9 (Line Drive, 89S, EV 93.1 MPH)
Batting: LHB Ben Walters 0-0: Foul Ball, location: 2F
0-1: Called Strike
0-2: Ball
1-2: Strikes out swinging
Batting: RHB Robert Rodríguez 0-0: Ball
1-0: Ball
2-0: Called Strike
2-1: Ground out 6-3 (Groundball, 6, EV 93.8 MPH)
Top of the 9th over - 0 runs, 0 hits, 0 errors, 0 left on base; Baton Rouge 1 - Bakersfield 3
Saturday, January 20th , 2024 - OOTP Baseball 23.10 Build 110